 Dungeon Crawl Stone Soup version 0.22.1-1-ga44c0e5 (webtiles) character file.

41 magicm the Grasshopper (level 3, -1/29 HPs)
             Began as a Barachi Warper on Nov 10, 2018.
             Slain by a gnoll
             ... wielding a +0 halberd
              (2 damage)
             ... on level 2 of the Dungeon.
             The game lasted 00:03:41 (1048 turns).

magicm the Grasshopper (Barachi Warper)             Turns: 1048, Time: 00:03:43

Health: -1/29      AC: 11    Str: 12    XL:     3   Next: 52%
Magic:  7/7        EV:  3    Int: 13    God:
Gold:   71         SH:  0    Dex: 12    Spells: 7/7 levels left

rFire    . . .     SeeInvis .   a - +2 spear
rCold    . . .     Gourm    .   (no shield)
rNeg     . . .     Faith    .   c - +0 plate armour
rPois    .         Spirit   .   (no helmet)
rElec    .         Reflect  .   (no cloak)
rCorr    .         Harm     .   h - +0 pair of gloves
MR       .....                  (no boots)
Stlth    ..........             (no amulet)
HPRegen  0.09/turn              (no ring)
MPRegen  0.10/turn              (no ring)

@: slow
A: +LOS, swims, slowness 1, strong legs 1
a: Hop


You were on level 2 of the Dungeon.
You were not hungry.

You visited 1 branch of the dungeon, and saw 2 of its levels.

You collected 71 gold pieces.

Inventory:

Hand Weapons
 a - a +2 spear (weapon)
Missiles
 e - 5 tomahawks of dispersal (quivered)
Armour
 b - a +0 leather armour
 c - a +0 plate armour (worn)
 h - a +0 pair of gloves (worn)
Scrolls
 d - a scroll of blinking
 k - a scroll of remove curse
Potions
 g - 2 potions of ambrosia
 i - a potion of magic {unknown}
 j - a potion of heal wounds {unknown}
 l - a potion of curing {unknown}
Comestibles
 f - a ration


   Skills:
 + Level 3.0 Fighting
 + Level 2.6 Polearms
 + Level 1.0 Throwing
 + Level 1.6 Armour
 + Level 2.6 Dodging
 + Level 2.7 Spellcasting
   Level 3.2 Translocations


You had 7 spell levels left.
You didn't know any spells.
Your spell library contained the following spells:

 Spells                   Type           Power        Failure   Level  Hunger
 Blink                    Tloc           N/A          100%        2    ###....
 Shroud of Golubria       Chrm/Tloc      #.........   100%        2    ###....
 Gell's Gravitas          Tloc           ##........   100%        3    ###....
 Lesser Beckoning         Tloc           ##........   100%        3    ###....
 Teleport Other           Tloc           ##......     100%        3    ###....
 Passage of Golubria      Tloc           N/A          100%        4    #####..


Dungeon Overview and Level Annotations

Branches:
Dungeon (2/15)

Altars:


Innate Abilities, Weirdness & Mutations

Shadows flee at your approach. (+LOS)
You can swim through water.
You cover ground slowly.
You can hop short distances.


Message History

The gnoll hits you from afar with a halberd!
* * * LOW HITPOINT WARNING * * *
You hit the gnoll.
You kill the gnoll!
Your Fighting skill increases to level 3!
The giant cockroach bites you but does no damage.
The gnoll hits you but does no damage.
The giant cockroach bites you but does no damage.
The giant cockroach bites you but does no damage.
The gnoll hits you from afar with a halberd.
* * * LOW HITPOINT WARNING * * *
Things that are here:
a club; a ration; a gnoll corpse You hit the giant cockroach.
The giant cockroach is heavily wounded.
The giant cockroach bites you.
* * * LOW HITPOINT WARNING * * *
The gnoll hits you but does no damage.
The gnoll hits you from afar with a halberd.
You die...

####.###### #
#...#.....# .
###.##.####.# .#
....##.# #.####.#
###.##.# #.##... #
#....####.##.# #.#
#.#..........# ..
##.##......##.###.#
##.#....###.##..@..#
..###...# #.####s###
##.#....# #.#


ggg# ##.#...###......... #.........###...### #.......### ##.## ###.......# #.#
..........# #.# ###.......# #.# You could see 3 gnolls and a giant cockroach.

Vanquished Creatures
  A gnoll (D:2)
  2 dart slugs (D:1)
  A leopard gecko (D:1)
  6 bats (D:1)
  2 goblins (D:1)
  3 hobgoblins (D:1)
  3 jackals (D:1)
  3 kobolds
  3 rats (D:1)
24 creatures vanquished.

Notes
Turn   | Place    | Note
-------+----------+-------------------------------------------
     0 | D:1      | magicm the Barachi Warper began the quest for the Orb.
     0 | D:1      | Reached XP level 1. HP: 17/17 MP: 3/3
   204 | D:1      | Reached XP level 2. HP: 22/23 MP: 5/5
   650 | D:1      | Reached XP level 3. HP: 26/28 MP: 7/7
  1048 | D:2      | HP: 1/29 [giant cockroach (1)]
  1048 | D:2      | Slain by a gnoll

Skill      XL: |  1  2  3 |
---------------+----------+-----
Fighting       | 3 |  3.0
Polearms       | |  2.6
Throwing       | |  1.0
Armour         | |  1.6
Dodging        | |  2.6
Spellcasting   | |  2.7
Translocations | |  3.2

Action                   || total
-------------------------++-------
Melee: Spear             ||   123
  Use: Scroll            ||     5
  Eat: Ration            ||     1
Armor: Plate armour      ||   210
Dodge: Dodged            ||    40
